cohdb
Replays
Latest Replays
All Replays
Popular Replays
Top Player Replays
Match Explorer
How It Works
Community
CoH3 Stats
Reddit
Sign in to upload your games and track your stats! →
Sign in with Steam
Match 45160510
Unlisted
Match 45160510
Overview
Messages
Build Orders
End
Construct Barracks
1⁄4-ton 4x4 Truck
M1 Mortar Team
Selects Advanced Infantry Battlegroup
Riflemen Squad
M1 Mortar Team
Selects Convert to Ranger Squad
Riflemen Squad
Construct Medical Station
Construct Weapon Support Center
M1919 Machine Gun Team
Infantry Support Center
Selects Frontline Medical Station
Selects Ammunition Storage
Misumi Uika
Воин вацапа
风铃
MZMZ
Krötentöten
NoCommentary
kyo988
ionwood
0
0
Comments
sign in to comment!
No comments posted yet!